 Dungeon Crawl Stone Soup version 0.19-a0-1730-g4c49b04 (webtiles) character file.

384 goodcoolguy the Chopper (level 6, 0/50 HPs)
             Began as a Hill Orc Gladiator on Oct 16, 2016.
             Slain by an orc
             ... wielding a +0 mace
              (2 damage)
             ... on level 4 of the Dungeon.
             The game lasted 00:06:02 (2806 turns).

goodcoolguy the Chopper (Hill Orc Gladiator)        Turns: 2806, Time: 00:06:03

Health: 0/50       AC: 20    Str: 20    XL:     6   Next: 77%
Magic:  6/6        EV:  7    Int:  8    God:
Gold:   129        SH:  0    Dex: 11    Spells: 0 memorised, 5 levels left

rFire  . . .     SeeInvis +     B - +1 dire flail (protect)
rCold  . . .     Gourm    .     j - +0 plate armour
rNeg   . . .     Faith    .     (shield currently unavailable)
rPois  .         Spirit   .     c - +0 helmet
rElec  .         Dismiss  .     u - +0 cloak
rCorr  .         Reflect  .     z - +0 pair of gloves
MR     .....     Harm     .     (no boots)
Stlth  ..........               (no amulet)
                                (no ring)
                                (no ring)

@: flying
A: see invisible
a: no special abilities


You were on level 4 of the Dungeon.
You were not hungry.

You visited 1 branch of the dungeon, and saw 4 of its levels.

You collected 129 gold pieces.

Inventory:

Hand Weapons
 a - a +0 war axe
 B - a +1 dire flail of protection (weapon)
Missiles
 d - a throwing net (quivered)
Armour
 b - a +0 leather armour
 c - a +0 helmet (worn)
 e - a +0 ring mail
 j - a +0 plate armour (worn)
 u - a +0 cloak (worn)
 z - a +0 pair of gloves (worn)
Wands
 x - a wand of polymorph (15/24)
 A - a wand of slowing (26/48)
Scrolls
 f - 3 scrolls of amnesia {unknown}
 h - 7 scrolls of identify {unknown}
 i - a scroll of teleportation {unknown}
 l - a scroll of immolation {unknown}
 t - 2 scrolls of remove curse {unknown}
 v - a scroll of blinking {unknown}
 w - a scroll of noise {unknown}
 y - a scroll of random uselessness {unknown}
Potions
 g - a potion of might
 m - a potion of heal wounds {unknown}
 n - a potion of brilliance
 o - a potion of cancellation
 p - a potion of haste {unknown}
 q - a potion of curing {unknown}
 r - a potion of flight
 s - a potion of invisibility {unknown}


   Skills:
 - Level 2.4 Fighting
 + Level 7.9 Axes
 - Level 1.7 Throwing
 + Level 4.4 Armour
 - Level 2.4 Dodging


You had 5 spell levels left.
You didn't know any spells.

Dungeon Overview and Level Annotations

Branches:
Dungeon (4/15)
 Temple: D:3-6         Lair: D:-1         Crypt: Vaults:-1     Tomb: Vaults:-1

Altars:
Trog


Innate Abilities, Weirdness & Mutations

You have supernaturally acute eyesight. (SInv)


Message History

Something hits you but does no damage.
It was a potion of flight.
You feel very buoyant.
You fly up into the air.
Something hits you but does no damage.
The phantom blinks!
It was a potion of beneficial mutation.
Your vision sharpens.
Reactivating autopickup.
You feel fantastic!
The orc wizard hits you but does no damage.
Okay, then.
Unknown command.
Your plate armour prevents you from hitting the orc wizard.
The orc wizard is almost dead.
The orc wizard casts a spell at you. The puff of flame hits you!
You sock the orc wizard!
You kill the orc wizard!
The orc hits you with a mace.
You die...

#..# ...#
#####..##...####
##.......#.......
.........W).W....
....W...(#.......
.........#......>
#######..#######.#
########....##.)#### #
.<.......))..#.o@..#
..........)..+.....+
##.##.##.##'##..####
##.########.###'######
....# #...........#
....# #...........#
....# #...........#
#..## ##.##..#..<.#
#### ############


You could see a phantom and an orc.

Vanquished Creatures
  A phantom (D:3)
  A hound (D:2)
  An orc priest (D:4)
  2 orc wizards
  A hound skeleton (D:4)
  Robin (D:4)
  6 adders
  3 dart slugs
  2 leopard geckos
  3 orcs (D:3)
  2 giant cockroaches (D:1)
  11 goblins
  16 hobgoblins
  9 jackals
  2 quokkas
  A ball python (D:2)
  8 bats
  5 frilled lizards
  8 kobolds
  8 rats
91 creatures vanquished.

Notes
Turn   | Place    | Note
-------+----------+-------------------------------------------
     0 | D:1      | goodcoolguy the Hill Orc Gladiator began the quest for the Orb.
     0 | D:1      | Reached XP level 1. HP: 18/18 MP: 1/1
   118 | D:1      | Reached XP level 2. HP: 20/25 MP: 2/2
   305 | D:1      | Reached skill level 5 in Axes
   538 | D:1      | Reached XP level 3. HP: 30/30 MP: 3/3
   791 | D:2      | Reached skill level 1 in Armour
   910 | D:2      | Reached XP level 4. HP: 18/37 MP: 4/4
   926 | D:2      | Reached skill level 6 in Axes
  1618 | D:2      | Reached XP level 5. HP: 40/42 MP: 5/5
  1699 | D:3      | Found a bloodstained altar of Trog.
  1735 | D:3      | Noticed a phantom
  1832 | D:3      | Reached skill level 7 in Axes
  2282 | D:3      | Killed a phantom
  2282 | D:3      | Reached XP level 6. HP: 16/50 MP: 6/6
  2650 | D:4      | Noticed Robin
  2665 | D:4      | Killed Robin
  2755 | D:4      | Noticed a phantom
  2799 | D:4      | HP: 1/50 [something/magic dart (6)]
  2804 | D:4      | Gained mutation: You have supernaturally acute eyesight. (SInv) [potion of beneficial mutation]
  2806 | D:4      | Slain by an orc

Vault maps used:
D:1:      eino_arrival_water_star
D:3:      first_bread, bloody_trog
D:4:      minmay_rat_hole, uniq_eustachio, uniq_robin

Skill      XL: |  1  2  3  4  5  6 |
---------------+-------------------+-----
Axes           | 5 6 7 |  7.9
Armour         | 1 2 3 4 |  4.4
Fighting       | |  2.4
Throwing       | |  1.7
Dodging        | |  2.4

Action                   |  1- 3 |  4- 6 || total
-------------------------+-------+-------++-------
Melee: War axe           |   118 |   236 ||   354
       Dire flail        |       |    36 ||    36
Throw: Throwing net      |       |     2 ||     2
  Use: Potion            |       |     5 ||     5
Armor: Ring mail         |    42 |       ||    42
       Plate armour      |    54 |   240 ||   294
Dodge: Dodged            |    77 |    97 ||   174
